 Dungeon Crawl Stone Soup version 0.31.0-12-g77e489cdc1 (webtiles) character file.

Game seed: 4924057977555393093

1473 Finik the Geomancer (level 8, -6/49 HPs)
             Began as a Gargoyle Earth Elementalist on Feb 26, 2024.
             Was an Initiate of Gozag.
             Mangled by a two-headed ogre
             ... wielding a +0 giant spiked club
              (9 damage)
             ... on level 7 of the Dungeon.
             The game lasted 00:10:37 (8137 turns).

Finik the Geomancer (Gargoyle Earth Elementalist)   Turns: 8137, Time: 00:10:37

Health: -6/49      AC:  9    Str: 12    XL:     8   Next: 78%
Magic:  9/12       EV: 12    Int: 18    God:    Gozag
Gold:   313        SH:  0    Dex: 13    Spells: 9/13 levels left

rFire   . . .        n - +2 short sword "Ocoxu" {venom, Dex+3}
rCold   . . .        (no shield)
rNeg    + + .        a - +0 robe
rPois   ∞            k - +0 helmet
rElec   +            (no cloak)
rCorr   .            m - +0 pair of gloves
SInv    +            (no boots)
Will    .....        (no amulet)
Stlth   ++           N - ring of positive energy
HPRegen 0.28/turn    v - ring of see invisible
MPRegen 0.13/turn

%: no passive effects
@: very slightly contaminated
A: sickness immunity, AC +5, negative energy resistance 1, electricity
resistance, torment resistance 1, petrification resistance
a: Renounce Religion, Potion Petition, Call Merchant, Bribe Branch


You were on level 7 of the Dungeon.
You worshipped Gozag.
Gozag was aware of your devotion.
You visited 2 branches of the dungeon, and saw 8 of its levels.

You collected 612 gold pieces.
You spent 217 gold pieces at shops.
You paid 82 gold pieces to Gozag.


Innate Abilities, Weirdness & Mutations

You are immune to sickness and miasma.
Your stone body is resilient. (AC +5)
You are immune to poison.
You resist negative energy. (rN+)
You are resistant to electric shocks. (rElec)
You are resistant to unholy torment.
You are immune to petrification.


   Skills:
 + Level 5.0 Fighting
 - Level 2.0 Dodging
 - Level 2.1 Stealth
 - Level 3.0 Spellcasting
 - Level 5.0 Conjurations
 - Level 10.0 Earth Magic


You had 9 spell levels left.
You knew the following spells:

 Your Spells              Type           Power      Damage    Failure   Level
w - Stone Arrow           Conj/Erth      58%        3d10      2%          3
z - Sandblast             Erth           76%        2d16      1%          1

Your spell library contained the following spells:

 Spells                   Type           Power      Damage    Failure   Level
 Passwall                 Erth           38%        N/A       1%          3
 Brom's Barrelling Bould  Conj/Erth      29%        2d5       8%          4
 Freeze                   Ice            8%         1d3       16%         1
 Necrotise                Necr           8%         1d4       16%         1
 Slow                     Hex            8%         N/A       16%         1
 Hailstorm                Conj/Ice       11%        3d6       17%         3
 Petrify                  Alch/Erth      20%        N/A       21%         4
 Frozen Ramparts          Ice            4%         1d1       43%         3
 Summon Ice Beast         Ice/Summ       2%         N/A       43%         3
 Vampiric Draining        Necr           2%         2d6       43%         3
 Martyr's Knell           Necr/Summ      2%         N/A       85%         4
 Curse of Agony           Necr           2%         N/A       99%         5
 Yara's Violent Unravell  Hex/Alch       1%         3d3       99%         5
 Enfeeble                 Hex            1%         N/A       100%        7

Inventory:

Hand Weapons
 n - the +2 short sword "Ocoxu" (weapon) {venom, Dex+3}
   (You found it on level 3 of the Dungeon)

   Dex+3:     It affects your dexterity (+3).
Armour
 a - a +0 robe (worn)
 k - a +0 helmet (worn)
 m - a +0 pair of gloves (worn)
Jewellery
 d - an amulet of guardian spirit
 v - a ring of see invisible (right hand)
 N - a ring of positive energy (left hand)
Wands
 p - a wand of mindburst (5)
 r - a wand of flame (24)
Scrolls
 e - a scroll of fear {unknown}
 g - 3 scrolls of fog
 j - 2 scrolls of vulnerability
 q - 3 scrolls of enchant armour {unknown}
 s - a scroll of teleportation {unknown}
 u - a scroll of amnesia {unknown}
 w - 2 scrolls of blinking
 x - a scroll of butterflies
 y - a scroll of immolation {unknown}
Potions
 b - a potion of magic
 c - a potion of ambrosia
 f - 2 potions of heal wounds {@q2}
 h - 2 potions of curing {@q1}
 i - a potion of berserk rage {!q}
 l - a potion of attraction
 o - a potion of enlightenment
 t - a potion of haste {@q3}

Dungeon Overview and Level Annotations

Branches:
Dungeon (7/15)             Temple (1/1) D:5

Altars:
Ashenzari
Dithmenos
Elyvilon
Fedhas
Gozag
Hepliaklqana
Kikubaaqudgha
Makhleb
Okawaru
Qazlal
Ru
Sif Muna
Trog
Vehumet
Wu Jian
Xom
Yredelemnul
Zin
The Shining One

Shops:
D:2 ( D:6

? ##<## ##...## ##..>..#
...###..# .### #....#
#####+### ## #.##.#
##.#.....# .## #..#.#
##..#..$..# ..###
#....###...O.).).+
#...###.##.##...@#..(..#
###.....##.#.....#.....#
##....##.#....####+###
##..#..#.'...##
###..####))#..## ##..##
#..#.## ...## #..###
..## ##.## ..#
##..####'#


You could see a two-headed ogre (very poisoned).


Message History

You open the door.
A two-headed ogre comes into view.
It is wielding a +0 giant spiked club and a +0 giant club.
The two-headed ogre shouts in stereo!
Found a sling, a flail and 2 stones.
A two-headed ogre is nearby!
Found 16 gold pieces.
The two-headed ogre hits you with a +0 giant spiked club!
The two-headed ogre closely misses you.
There is an open door here.
You hit the two-headed ogre.
The two-headed ogre is lightly wounded.
You hit the two-headed ogre.
The two-headed ogre is poisoned.
The two-headed ogre is lightly wounded.
The two-headed ogre hits you with a +0 giant spiked club!
The two-headed ogre hits you with a +0 giant club!
* * * LOW HITPOINT WARNING * * *
Unknown command.
Casting: Stone Arrow (dangerous; 2% risk of failure)
Confirm with . or Enter, or press ? or * to list all spells.
Aiming: Stone Arrow (dangerous; 2% risk of failure)
Press: ? - help, Shift-Dir - straight line, f - two-headed ogre
Aim: a two-headed ogre, wielding a +0 giant spiked club and a +0 giant club (lightly wounded, very poisoned, 86% to hit)
You miscast Stone Arrow.
You are very lightly contaminated with residual magic.
Nothing appears to happen.
The two-headed ogre hits you with a +0 giant spiked club!
* * * LOW HITPOINT WARNING * * *
The two-headed ogre hits you with a +0 giant club!
You die...
Your body crumbles into a pile of gold.

Skill      XL: |  1  2  3  4  5  6  7  8 |
---------------+-------------------------+-----
Fighting       | 1 2 3 4 5 |  5.0
Conjurations   | 2 4 5 |  5.0
Earth Magic    | 4 5 6 8 10 | 10.0
Spellcasting   | 3 |  3.0
Dodging        | 2 |  2.0
Stealth        | |  2.1

Action                     |  1- 3 |  4- 6 |  7- 9 || total
---------------------------+-------+-------+-------++-------
  Melee: Whip              |   132 |    37 |       ||   169
         Punch             |     2 |     2 |     1 ||     5
         Short sword       |       |    74 |    93 ||   167
   Cast: Sandblast         |    22 |    25 |     9 ||    56
         Stone Arrow       |       |     3 |    28 ||    31
    Use: Scroll            |       |       |     8 ||     8
   Stab: Sleeping          |     4 |     5 |     1 ||    10
 Armour: Robe              |    85 |    63 |    65 ||   213
  Dodge: Dodged            |    86 |    65 |    50 ||   201

Levels and vault maps discovered:
D:1:      minmay_arrival_four_loops, layout_basic
D:2:      cheibrodos_helix_gallery, layout_loops_ring, serial_shops,
          nicolae_shop_competitors_out_of_business, serial_forest,
          infiniplex_forest_zigzag_1, infiniplex_forest_zigzag_1,
          infiniplex_forest_lined_4_way, infiniplex_forest_zigzag_2,
          infiniplex_forest_straight_5, infiniplex_forest_fountain,
          infiniplex_forest_lined_1, infiniplex_forest_corner_1
D:3:      layout_rooms, nicolae_hexahallways
D:4:      layout_loops_cross, ashenzari_conservatory_becter,
          reono_crystal_passage, uniq_crazy_yiuf_cottage
D:5:      layout_cave_pods, mainiacjoe_overflow_alcove_1, temple_statues
D:6:      layout_basic, minivault_25, chequers_serial_rivers_micro_c,
          nicolae_nh_oracle_at_delphi
D:7:      layout_layer_cave, amcnicky_altar_gilded, minmay_quadrilaterals
Temple:   bh_familiar_temple

Notes
Turn   | Place    | Note
-------+----------+-------------------------------------------
     0 | D:1      | Finik the Gargoyle Earth Elementalist began the quest for
                  | the Orb.
     0 | D:1      | Reached XP level 1. HP: 10/10 MP: 3/3
   149 | D:1      | Reached skill level 1 in Fighting
   192 | D:1      | Reached XP level 2. HP: 17/17 MP: 5/5
   259 | D:1      | Reached skill level 2 in Fighting
   664 | D:1      | Reached XP level 3. HP: 22/22 MP: 3/6
   796 | D:1      | Learned a level 3 spell: Stone Arrow
   900 | D:1      | Reached skill level 3 in Fighting
  1365 | D:2      | Reached skill level 2 in Conjurations
  1829 | D:2      | Reached XP level 4. HP: 28/28 MP: 5/7
  1851 | D:2      | Found Buhuk's Antique Weapon Boutique.
  2395 | D:3      | Reached skill level 3 in Conjurations
  2861 | D:3      | Identified the +2 short sword "Ocoxu" {venom, Dex+3}
  3088 | D:4      | Reached skill level 4 in Earth Magic
  3155 | D:4      | Reached skill level 4 in Conjurations
  3155 | D:4      | Reached XP level 5. HP: 30/32 MP: 8/8
  3533 | D:4      | Got the Almanac of the Fairies and Rime
  3752 | D:4      | Reached skill level 5 in Earth Magic
  3804 | D:4      | Found a broken altar of Ashenzari.
  4007 | D:5      | Entered Level 5 of the Dungeon
  4055 | D:5      | Reached XP level 6. HP: 19/37 MP: 6/9
  4324 | D:5      | Found a staircase to the Ecumenical Temple.
  4338 | Temple   | Entered the Ecumenical Temple
  4344 | Temple   | Became a worshipper of Gozag Ym Sagoz the Greedy
  4373 | D:5      | Reached skill level 6 in Earth Magic
  4555 | D:5      | Found a bloodstained altar of Trog.
  4990 | D:5      | Reached skill level 5 in Conjurations
  4990 | D:5      | Reached XP level 7. HP: 41/41 MP: 0/10
  5214 | D:6      | Reached skill level 7 in Earth Magic
  5384 | D:6      | Reached skill level 4 in Fighting
  6224 | D:6      | Reached skill level 8 in Earth Magic
  6514 | D:6      | Found The Oracle's Delphic Readings.
  6519 | D:6      | Reached skill level 3 in Spellcasting
  6519 | D:6      | Reached XP level 8. HP: 48/48 MP: 7/12
  6562 | D:6      | Bought a scroll of butterflies for 56 gold pieces
  6562 | D:6      | Bought a scroll of blinking for 105 gold pieces
  6562 | D:6      | Bought a scroll of fog for 56 gold pieces
  6575 | D:6      | Reached skill level 2 in Dodging
  7260 | D:7      | Reached skill level 9 in Earth Magic
  7675 | D:7      | Reached skill level 10 in Earth Magic
  7979 | D:7      | Reached skill level 5 in Fighting
  8132 | D:7      | Noticed a two-headed ogre
  8137 | D:7      | HP: 3/49 [two-headed ogre/+0 giant spiked club (17)]
  8137 | D:7      | Mangled by a two-headed ogre

Vanquished Creatures
  An ice beast (D:7)
  An ogre (D:5)
  A kobold brigand (D:7)
  A bullfrog (D:7)
  A scorpion (D:6)
  3 wights (D:6)
  3 killer bees (D:7)
  3 howler monkeys
  2 bombardier beetles
  An orc priest (D:4)
  2 hounds
  3 jellies
  2 sleepcaps (D:6)
  9 iguanas
  3 gnolls
  3 adders
  2 white imps (D:6)
  2 ufetubi (D:5)
  3 ribbon worms (D:2)
  A dart slug (D:2)
  13 orcs
  7 ball pythons
  3 bats
  9 endoplasms
  7 goblins
  7 hobgoblins
  2 jackals (D:1)
  3 quokkas
  2 frilled lizards
  7 kobolds
  4 rats
111 creatures vanquished.

Table legend: (Time is in decaauts)
 A = Elapsed time spent in this place.
 B = Non-inter-level travel time spent in this place.
 C = Inter-level travel time spent in this place.
 D = Time resting spent in this place.
 E = Time spent auto-exploring this place.
 F = Levels seen in this place.
 G = Mean time per level.
                   A        B        C        D        E       F      G
               +--------+--------+--------+--------+--------+-----+--------+
         Total |   8182 |   7980 |    202 |   1857 |   5057 |   8 | 1022.8 |
       Dungeon |   8170 |   7973 |    197 |   1857 |   5057 |   7 | 1167.1 |
        Temple |     11 |      7 |      4 |      0 |      0 |   1 |   11.0 |
               +--------+--------+--------+--------+--------+-----+--------+

Top non-repeatable levels by time:
     D:6: 2025 daAuts
     D:5: 1282 daAuts
     D:1: 1212 daAuts
     D:2: 1202 daAuts
     D:4: 954 daAuts
     D:7: 817 daAuts
     D:3: 676 daAuts
  Temple: 11 daAuts

Table legend:
 A = Non-vault XP
 B = Vault XP
 C = Vault XP percentage of total XP
 D = Non-vault monster count
 E = Vault monster count
 F = Vault count percentage of total count
                 A         B        C        D         E       F
            +---------+---------+-------+---------+---------+-------
      Total |    1873 |     232 |  11.0 |     106 |       5 |   4.5
            +---------+---------+-------+---------+---------+-------
        D:1 |      40 |       0 |   0.0 |      23 |       0 |   0.0
        D:2 |      54 |       6 |  10.0 |      21 |       2 |   8.7
        D:3 |      15 |       0 |   0.0 |       8 |       0 |   0.0
        D:4 |     180 |       0 |   0.0 |      10 |       0 |   0.0
        D:5 |     383 |       0 |   0.0 |      13 |       0 |   0.0
        D:6 |     567 |     120 |  17.5 |      19 |       2 |   9.5
        D:7 |     634 |     106 |  14.3 |      12 |       1 |   7.7
            +---------+---------+-------+---------+---------+-------
